Map: Lerilak Crest

Players

LilDicky - Winner!

  • Race: Terran Terran
  • League: Diamond

McSaucington

  • Race: Zerg Zerg
  • League: Diamond

VOD

http://www.twitch.tv/tumescentpie

Description

Time

  • Played on: Dec. 31, 2015, 6 p.m.
  • Length: 18:02
Show
View Real Time Build Order
Export as new Build Order

LilDicky Terran - Winner!

Build Orders: Command Center First (CC), MMM Bio 

Get SALT Encoding   

  12  0:01  SCV  
  13  0:13  SCV  
  14  0:27  SCV  
  15  0:30  Supply Depot  
  15  0:52  SCV  
  16  0:57  Command Center  
  16  1:07  SCV  
  17  1:17  Barracks  
  17  1:20  SCV  
  18  1:27  Refinery  
  18  1:32  SCV  
  19  1:38  Barracks  
  19  1:46  SCV  
  20  1:59  Refinery  
  20  2:00  SCV  
  21  2:13  Orbital Command  
  21  2:18  Supply Depot, Orbital Command  
  21  2:23  Barracks Reactor  
  21  2:27  Barracks Tech Lab  
  21  2:43  SCV x2, Orbital Command  
  23  2:46  Bunker  
  23  2:48  Marine  
  24  2:52  Stimpack  
  24  3:00  SCV, Marine  
  26  3:07  Marine  
  26  3:08  SCV  
  26  3:12  SCV, Marine  
  29  3:15  Barracks  
  29  3:21  SCV  
  29  3:26  SCV, Barracks, Marine  
  32  3:28  Marine  
  32  3:32  Orbital Command  
  33  3:54  Bunker, Marine  
  33  3:55  Marine x2  
  35  4:01  Barracks  
  35  4:02  Factory  
  36  4:04  Barracks Tech Lab  
  36  4:07  Supply Depot  
  36  4:11  SCV  
  36  4:12  Marine  
  36  4:13  SCV  
  36  4:15  Barracks Reactor  
  39  4:17  Marine x2  
  41  4:27  Supply Depot, Marine  
  41  4:30  Marine  
  43  4:38  SCV, Marine x2  
  45  4:42  Supply Depot  
  45  4:45  Marine  
  47  4:48  Marine  
  47  4:49  Starport  
  47  4:50  Factory Reactor  
  47  4:54  Barracks Reactor, Marine  
  47  4:59  SCV x2  
  50  5:01  Marine  
  50  5:05  Marine x2  
  53  5:10  Supply Depot, Marine  
  53  5:13  Combat Shields  
  54  5:15  Concussive Shells  
  54  5:16  Marine  
  54  5:20  Marauder  
  57  5:23  Marine  
  58  5:37  Marine x2  
  58  5:40  Engineering Bay  
  58  5:41  Supply Depot  
  60  5:44  Marine x2  
  60  5:45  Marine x3  
  60  5:46  Marine  
  66  5:52  SCV  
  66  5:54  Marine  
  66  5:55  Marine  
  66  5:56  Medivac x2  
  73  6:01  Marine  
  74  6:04  Marine x2  
  74  6:05  Marauder  
  74  6:06  Marine  
  74  6:07  SCV  
  80  6:15  Supply Depot  
  80  6:20  Supply Depot  
  63  6:36  Marine  
  63  6:37  Marine x7  
  63  6:38  Medivac  
  66  6:54  Marine x4  
  66  6:58  Marine x2  
  66  6:59  Marauder  
  65  7:13  Marine  
  65  7:14  Marauder  
  67  7:20  Marine, Marauder  
  67  7:21  Marine  
  69  7:28  Marine  
  69  7:29  Marine  
  67  7:32  Marine x2  
  67  7:35  Marauder  
  71  7:37  SCV  
  71  7:38  SCV, Marine x2  
  71  7:42  Engineering Bay, Marine  
  76  7:45  Command Center  
  76  7:53  SCV x2  
  70  8:19  SCV x2  
  72  8:31  SCV  
  66  9:03  Marine  
  66  9:04  Marine x7  
  66  9:07  SCV  
  66  9:08  SCV  
  66  9:09  Planetary Fortress  
  76  9:12  Missile Turret  
  76  9:19  SCV  
  76  9:21  Marine  
  76  9:22  Marauder x2, Marine x3  
  85  9:44  Marauder  
  81  9:46  Marine  
  81  9:47  Marauder, Marine  
  81  9:48  Marine  
  86  10:05  Marauder  
  86  10:09  Marauder  
  76  10:26  Marauder  
  77  10:30  Marauder  
  77  10:34  Marine x3  
  77  10:35  Medivac x2, Marine x3  
  82  10:48  Marauder  
  74  10:51  Marauder  
  74  10:52  Marine x5  
  74  10:56  SCV x2, Marine  
  82  11:04  Terran Infantry Weapons Level 1  
  82  11:05  Medivac  
  82  11:08  SCV  
  82  11:09  Marauder  
  82  11:10  Barracks, Marine  
  86  11:12  Barracks  
  86  11:13  SCV, Barracks x3  
  86  11:14  Marine x2  
  89  11:19  Marine x2  
  89  11:20  SCV, Marauder  
  89  11:21  Marine  
  95  11:27  Marine  
  95  11:31  Marauder  
  98  11:37  Marine  
  98  11:38  Marine x4  
  103  11:42  Marauder  
  103  11:45  SCV, Marine  
  103  11:46  Armory, SCV  
  108  11:47  Engineering Bay  
  108  11:52  Marauder  
  110  11:55  Marine  
  110  11:56  Marine x2  
  110  11:58  SCV x2  
  113  12:03  Marauder  
  115  12:10  SCV  
  115  12:13  Marauder  
  117  12:19  Marine x2  
  117  12:20  Marine x2  
  117  12:21  Marine x2  
  117  12:22  Marine x2  
  117  12:31  Marine x2  
  117  12:32  Marine x2  
  117  12:47  Refinery  
  117  12:49  Refinery  
  117  12:52  Terran Infantry Armor Level 1  
  117  12:53  Supply Depot  
  117  12:54  Supply Depot  
  117  12:59  Command Center  
  117  13:03  Marine  
  117  13:14  Marine x8  
  117  13:15  Marine x3  
  117  13:16  Marauder  
  130  13:21  Marine  
  123  13:32  Marine  
  123  13:33  Marine  
  109  13:44  Marine x2  
  109  13:45  Marauder  
  109  13:54  Marine x2  
  109  13:55  Medivac x2  
  113  14:06  Marine  
  113  14:07  Marine  
  113  14:08  Marauder x2  
  119  14:13  Planetary Fortress  
  119  14:16  Missile Turret  
  105  14:25  Medivac  
  107  14:38  Marine x3  
  109  14:39  Marine x2  
  109  14:40  Marauder  
  109  14:41  Marine x2  
  112  15:16  Marine x5  
  112  15:17  Marauder x2, Marine x4  
  112  15:18  Marine  
  112  15:19  Marine  
  127  15:21  Terran Infantry Weapons Level 2  
  127  15:22  Terran Infantry Armor Level 2  
  127  15:34  Marine x2  
  129  15:39  Marine x4, Marauder x2  
  129  15:40  Refinery  
  129  15:41  Refinery, Marine x2  
  129  15:42  Command Center, Marine x3  
  142  15:43  Medivac x2  
  142  15:46  Starport  
  142  15:49  Hi-Sec Auto Tracking  
  146  15:51  Barracks, Marine  
  146  15:52  Marine  
  148  16:01  Marine x3  
  148  16:02  Marauder x2, Marine  
  102  16:23  Marauder  
  102  16:24  Marauder  
  106  16:25  Marine  
  106  16:26  Marine x10  
  117  16:43  Marine  
  117  16:44  Marine x5  
  117  16:45  Marauder x2  
  127  16:59  Marine  
  128  17:02  Marine  
  128  17:06  Marauder x2  
  133  17:15  Starport Reactor  
  133  17:18  Marine  
  133  17:19  Marine x5  
  139  17:24  Orbital Command  
  139  17:27  Marauder  
  139  17:28  Marauder  
Show
View Real Time Build Order
Export as new Build Order

McSaucington Zerg 

Build Orders: Hatch First 

Get SALT Encoding   

  12  0:01  Drone  
  13  0:10  Drone  
  14  0:16  Overlord  
  14  0:26  Drone, Extractor  
  15  0:34  Drone  
  15  0:35  Drone  
  17  0:55  Drone  
  18  0:57  Hatchery  
  18  0:59  Drone  
  18  1:14  Spawning Pool  
  18  1:16  Drone  
  18  1:20  Drone  
  19  1:26  Drone  
  19  1:27  Extractor  
  19  1:38  Drone  
  20  1:48  Overlord  
  20  2:00  Drone  
  21  2:06  Queen  
  23  2:16  Queen  
  23  2:17  Zergling x4  
  27  2:34  Hatchery  
  26  2:39  Metabolic Boost  
  26  2:42  Queen  
  28  2:49  Drone x2  
  28  2:50  Drone  
  31  2:58  Overlord  
  31  3:18  Lair  
  31  3:21  Overlord  
  31  3:23  Drone x4  
  35  3:33  Spore Crawler  
  34  3:35  Spore Crawler  
  34  3:36  Drone  
  34  3:37  Drone x2  
  34  3:52  Queen  
  36  4:05  Roach Warren  
  36  4:06  Drone x4  
  36  4:08  Baneling Nest  
  38  4:21  Zergling x6  
  38  4:22  Zergling x8  
  45  4:24  Drone  
  46  4:33  Spore Crawler  
  46  4:34  Zergling x2  
  46  4:35  Zergling x4  
  48  4:43  Extractor  
  47  4:54  Drone x5  
  47  4:55  Overlord x2  
  47  4:56  Glial Reconstitution  
  52  5:01  Extractor  
  52  5:02  Extractor  
  52  5:05  Drone x3  
  53  5:17  Overseer  
  52  5:32  Centrifical Hooks  
  52  5:38  Zergling x2  
  52  5:39  Zergling x14  
  52  5:40  Drone x4  
  52  5:41  Drone  
  65  5:43  Overlord  
  65  5:46  Baneling x4  
  65  5:52  Evolution Chamber  
  65  5:56  Evolution Chamber, Drone x2  
  65  6:06  Spore Crawler  
  48  6:38  Roach  
  48  6:39  Roach x11  
  70  6:40  Zergling x4  
  67  6:59  Queen  
  67  7:04  Queen  
  63  7:12  Zergling x8  
  63  7:13  Zergling x2  
  68  7:33  Drone x3  
  68  7:34  Drone x2  
  68  7:35  Drone x6  
  79  7:38  Baneling x10  
  79  7:41  Zerg Melee Weapons Level 1  
  79  7:43  Zerg Ground Armor Level 1  
  79  7:51  Drone x2, Extractor  
  81  7:53  Extractor  
  79  8:02  Zergling x2  
  79  8:03  Zergling x2  
  76  8:17  Drone x4, Hydralisk Den  
  76  8:19  Drone x2  
  81  8:38  Zergling x8  
  79  8:46  Roach x4  
  73  8:54  Baneling x4  
  72  9:02  Baneling x4  
  72  9:04  Baneling  
  72  9:05  Overlord x3, Baneling x3  
  70  9:32  Hatchery  
  66  9:43  Roach  
  66  9:44  Roach x9  
  82  9:47  Queen  
  82  9:49  Zerg Ground Armor Level 2, Zerg Melee Weapons Level 2  
  83  9:55  Hydralisk Den  
  81  10:05  Spine Crawler  
  73  10:21  Drone x5  
  73  10:22  Spine Crawler  
  72  10:31  Zergling x8  
  72  10:32  Zergling x2  
  69  10:58  Hydralisk x4  
  69  10:59  Hydralisk x2  
  81  11:10  Ravager x3  
  83  11:12  Overlord x2  
  83  11:18  Hatchery  
  83  11:23  Drone  
  83  11:43  Drone  
  83  11:44  Drone x4  
  88  11:50  Hydralisk x4  
  96  11:56  Baneling x5  
  96  11:57  Baneling  
  90  12:25  Hatchery, Hydralisk x5  
  90  12:27  Zergling x2  
  90  12:28  Overlord x3  
  100  12:44  Zerg Missile Weapons Level 1  
  100  13:04  Zergling x16  
  108  13:08  Roach Warren  
  108  13:11  Hydralisk Den  
  99  13:29  Zergling x14  
  99  13:33  Baneling  
  99  13:34  Baneling x5  
  102  13:40  Hatchery  
  84  14:02  Hydralisk x3  
  84  14:04  Spawning Pool  
  84  14:07  Drone  
  82  14:58  Baneling  
  82  14:59  Baneling x3  
  82  15:00  Queen  
  82  15:04  Hydralisk x4  
  82  15:05  Hatchery  
  91  15:18  Muscular Augments  
  37  16:39  Hydralisk x6  
  42  17:06  Hydralisk x2  
Tags
 
Add a new tag
Caveats
  • Supply blocks, unpowered buildings, or Contaminate may cause inaccurate times.
  • Supply counts are checked every 10 seconds.